 Dungeon Crawl Stone Soup version 0.18-a0-68-g716538c (webtiles) character file.

114 valsik64 the Grave Robber (level 4, -6/37 HPs)
             Began as a Demonspawn Wanderer on Nov 10, 2015.
             Mangled by Ackron's ghost (15 damage)
             ... on level 3 of the Dungeon.
             The game lasted 00:12:10 (3384 turns).

valsik64 the Grave Robber (Demonspawn Wanderer)     Turns: 3384, Time: 00:12:10

Health: -6/37      AC:  4    Str: 11    XL:     4   Next: 66%
Magic:  7/7        EV:  6    Int: 13    God:
Gold:   130        SH:  0    Dex: 15    Spells: 3 memorised, 2 levels left

rFire  . . .     SeeInvis .     w - +4 falchion
rCold  . . .     Clarity  .     d - +0 robe
rNeg   . . .     SustAt   .     (no shield)
rPois  .         Gourm    .     (no helmet)
rElec  .         Spirit   .     (no cloak)
rCorr  .         Warding  .     (no gloves)
rMut   .         Stasis   .     (no boots)
MR     .....                    (no amulet)
Stlth  +.........               (no ring)
                                (no ring)

@: not resistant to hostile enchantments, very unstealthy
A: hooves 1, thin metallic scales 1
a: no special abilities


You were on level 3 of the Dungeon.
You were not hungry.

You visited 1 branch of the dungeon, and saw 3 of its levels.

You collected 130 gold pieces.

Inventory:

Hand Weapons
 e - a +0 dagger
 n - a +0 club
 w - a +4 falchion (weapon)
Missiles
 q - 17 arrows
 u - 67 stones (quivered)
Armour
 d - a +0 robe (worn)
 p - a +0 buckler
Scrolls
 c - a scroll of teleportation
Potions
 g - a potion of curing {unknown}
 h - a potion of might {unknown}
 j - a potion of cancellation {unknown}
 k - 2 potions of agility
 r - a potion of lignification {unknown}
 s - a potion of beneficial mutation {unknown}
 x - a potion of flight {unknown}
Books
 a - a book of Necromancy

   Spells                             Type                      Level
   a - Pain                           Necromancy                   1
   b - Animate Skeleton               Necromancy                   1
   c - Vampiric Draining              Necromancy                   3
   d - Regeneration                   Charms/Necromancy            3
   e - Animate Dead                   Necromancy                   4
   f - Control Undead                 Necromancy                   4
 b - Zoxerri's Handbook of Necromancy

   Spells                             Type                      Level
   a - Pain                           Necromancy                   1
   b - Vampiric Draining              Necromancy                   3
Comestibles
 f - a bread ration
 m - a chunk of flesh


   Skills:
 - Level 4.0 Fighting
 + Level 0.3 Long Blades
   Level 1.0 Bows
 - Level 1.0 Throwing
 - Level 1.0 Armour
 - Level 2.0 Spellcasting
 + Level 4.3 Necromancy
   Level 1.0 Evocations


You had 2 spell levels left.
You knew the following spells:

 Your Spells              Type           Power        Failure   Level  Hunger
a - Pain                  Necr           ##..         6%          1    ##.....
b - Animate Skeleton      Necr           N/A          6%          1    ##.....
c - Vampiric Draining     Necr           ##........   14%         3    ####...


Dungeon Overview and Level Annotations

Branches:
Dungeon (3/15)

Altars:
Fedhas
Nemelex Xobeh
Okawaru

Annotations:
D:3 Ackron's ghost, amateur DrGl


Innate Abilities, Weirdness & Mutations

You have large cloven feet.
You are partially covered in thin metallic scales (AC +2).


Message History

You hit Ackron's ghost. Your kick misses Ackron's ghost.
Ackron's ghost is lightly damaged.
Ackron's ghost hits you.
Ackron's ghost hits you but does no damage.
You slash Ackron's ghost!
You kick Ackron's ghost, but do no damage.
Ackron's ghost is moderately damaged.
Ackron's ghost hits you!
Casting: Pain
Confirm with . or Enter, or press ? or * to list all spells.
Aiming: Vampiric Draining
Press: ? - help, Shift-Dir - straight line, f - Ackron's ghost
Aim: Ackron's ghost (moderately damaged)
You can't drain life from that!
You closely miss Ackron's ghost.
Ackron's ghost is moderately damaged.
Ackron's ghost hits you!
* * * LOW HITPOINT WARNING * * *
Ackron's ghost hits you!
You die...

### #.. #.#
#.# #.# #W#
#@# #.# #.#
#(#
#..........#
###.#(######
...#(# ###
#.# ..#


You could see Ackron's ghost.

Vanquished Creatures
  Terence (D:2)
  A gnoll (D:1)
  2 adders
  An ooze (D:1)
  A worm (D:2)
  6 bats
  8 giant cockroaches
  8 goblins
  4 hobgoblins
  4 jackals (D:2)
  9 kobolds
  A giant newt (D:1)
  4 rats
50 creatures vanquished.

Vanquished Creatures (collateral kills)
  A hobgoblin (D:1)
1 creature vanquished.

Grand Total: 51 creatures vanquished

Notes
Turn   | Place    | Note
--------------------------------------------------------------
     0 | D:1      | valsik64 the Demonspawn Wanderer began the quest for the Orb.
     0 | D:1      | valsik64 set off with: a book of Necromancy, Zoxerri's Handbook of Necromancy, a scroll of teleportation, a +0 robe, a +0 dagger, a bread ration
     0 | D:1      | Reached XP level 1. HP: 18/18 MP: 1/1
    21 | D:1      | Identified Zoxerri's Handbook of Necromancy
   157 | D:1      | Reached skill level 1 in Spellcasting
   161 | D:1      | Learned a level 1 spell: Pain
   163 | D:1      | Learned a level 1 spell: Animate Skeleton
   494 | D:1      | Gained mutation: You have large cloven feet. [demonic ancestry]
   494 | D:1      | Reached XP level 2. HP: 22/24 MP: 0/4
  1157 | D:1      | Reached XP level 3. HP: 24/29 MP: 2/6
  1198 | D:1      | Learned a level 3 spell: Vampiric Draining
  1913 | D:2      | Found a sparkling altar of Nemelex Xobeh.
  2076 | D:2      | Found a blossoming altar of Fedhas.
  2587 | D:2      | Noticed Terence
  2607 | D:2      | Killed Terence
  2607 | D:2      | Reached skill level 4 in Necromancy
  2607 | D:2      | Gained mutation: You are partially covered in thin metallic scales (AC +2). [demonic ancestry]
  2607 | D:2      | Reached XP level 4. HP: 8/37 MP: 0/7
  3067 | D:2      | Found an iron altar of Okawaru.
  3264 | D:3      | Noticed Ackron's ghost (amateur DrGl)
  3384 | D:3      | Mangled by Ackron's ghost

Vault maps used:
D:1:      dpeg_arrival_windows_large_door, serial_forest,
          infiniplex_forest_clump_C, infiniplex_forest_pool,
          infiniplex_forest_diagonal, infiniplex_forest_clump_long,
          infiniplex_forest_clump_C, infiniplex_forest_lined_room_3,
          infiniplex_forest_lined_2, infiniplex_forest_clump_C,
          infiniplex_forest_lined_2, infiniplex_forest_lined_4_way
D:2:      fedhas_altar_1, nemelex_xobeh_ov_fountains_minmay,
          okawaru_metal_pillars_3, uniq_terence
D:3:      first_bread, uniq_natasha

Action                   |  1- 3 |  4- 6 || total
-------------------------+-------+-------++-------
Melee: Dagger            |    49 |       ||    49
       Club              |    72 |     5 ||    77
       Falchion          |       |    25 ||    25
Throw: Stone             |       |     4 ||     4
 Cast: Pain              |    62 |     8 ||    70
       Animate Skeleton  |     3 |       ||     3
       Vampiric Draining |     2 |       ||     2
  Use: Scroll            |       |     6 ||     6
 Stab: Distracted        |     1 |       ||     1
  Eat: Chunk             |     5 |       ||     5
       Beef jerky        |     1 |       ||     1
       Fruit             |       |     2 ||     2
       Pizza             |       |     1 ||     1
